 Dungeon Crawl Stone Soup version 0.26-a0-651-gb41185065b (webtiles) character file.

Game seed: 11833438176629195471

2558 Ozzies the Covert (level 9, -4/51 HPs)
             Began as a Vampire Enchanter on Oct 6, 2020.
             Was a Believer of Dithmenos.
             Slain by a death yak (14 damage)
             ... on level 7 of the Dungeon.
             The game lasted 00:30:00 (9062 turns).

Ozzies the Covert (Vampire Enchanter)               Turns: 9062, Time: 00:30:00

Health: -4/51      AC:  5    Str: 14    XL:     9   Next: 31%
Magic:  14/17      EV: 18    Int: 24    God:    Dithmenos [**....]
Gold:   614        SH:  0    Dex: 14    Spells: 13/19 levels left

rFire    + . .     SeeInvis +   H - +0 rapier
rCold    + + .     Faith    .   (no shield)
rNeg     + + +     Spirit   .   K - +1 robe "Tehapnog" {rF+ Str+4}
rPois    ∞         Reflect  .   f - +0 helmet
rElec    .         Harm     .   (no cloak)
rCorr    .         Rampage  .   (no gloves)
MR       .....                  h - +0 pair of boots {Stlth+}
Stlth    +++++++++.             (no amulet)
HPRegen  0.00/turn              j - +4 ring of evasion
MPRegen  0.15/turn              B - +6 ring of intelligence

@: bloodless, wreathed by umbra
A: fangs 3, see invisible, unbreathing
a: Bat Form, Revivify, Shadow Step, Renounce Religion


You were on level 7 of the Dungeon.
You worshipped Dithmenos.
Dithmenos was pleased with you.
You visited 2 branches of the dungeon, and saw 9 of its levels.
You also visited: Ossuary.

You collected 614 gold pieces.

Inventory:

Hand Weapons
 a - a +1 dagger
 g - a +0 dagger of speed
 H - a +0 rapier (weapon)
Missiles
 e - 363 stones (quivered)
Armour
 b - a +0 robe
 f - a +0 helmet (worn)
 h - a +0 pair of boots of stealth (worn)
 D - a +0 tower shield
 F - a +0 robe of the Archmagi
 J - a +0 pair of gloves
 K - the +1 robe "Tehapnog" (worn) {rF+ Str+4}
   (You found it on level 8 of the Dungeon)

   It affects your strength (+4).
   It protects you from fire.
Jewellery
 j - a +4 ring of evasion (left hand)
 n - an uncursed ring of protection from fire
 x - an uncursed ring of protection from cold
 B - a +6 ring of intelligence (right hand)
Wands
 s - a wand of polymorph (8)
 y - a wand of paralysis (10)
Scrolls
 c - 3 scrolls of enchant weapon
 d - 5 scrolls of fear {!r}
 i - 4 scrolls of amnesia
 k - 3 scrolls of random uselessness
 m - 2 scrolls of identify {@r1}
 p - 4 scrolls of magic mapping
 q - 5 scrolls of teleportation {@r3 !r}
 r - 2 scrolls of immolation
 v - a scroll of remove curse {@r2}
Potions
 l - 5 potions of curing {@q1 !q}
 o - 5 potions of stabbing {unknown}
 t - 3 potions of heal wounds {unknown}
 u - 2 potions of degeneration {unknown}
 w - 3 potions of berserk rage {unknown}
 z - 4 potions of flight {unknown}
 A - 2 potions of haste {unknown}
 C - a potion of cancellation {unknown}
 E - a potion of ambrosia {unknown}
 G - a potion of lignification {unknown}
 I - a potion of invisibility {unknown}


   Skills:
 * Level 3.5 Fighting
 + Level 6.0 Short Blades
 + Level 4.3 Dodging
 + Level 10.8 Stealth
 + Level 5.7 Spellcasting
 + Level 8.3 Hexes


You had 13 spell levels left.
You knew the following spells:

 Your Spells              Type           Power        Failure   Level
a - Corona                Hex            #####..      1%          1
b - Ensorcelled Hibernat  Hex/Ice        ####..       2%          2
c - Confusing Touch       Hex            #####...     1%          3

Your spell library contained the following spells:

 Spells                   Type           Power        Failure   Level
 Tukima's Dance           Hex            #####...     1%          3
 Dazzling Flash           Conj/Hex       ####..       4%          3
 Animate Skeleton         Necr           #.....       9%          1
 Apportation              Tloc           #.....       9%          1
 Magic Dart               Conj           #...         9%          1
 Summon Small Mammal      Summ           #...         9%          1
 Searing Ray              Conj           #.....       12%         2
 Fulminant Prism          Conj/Hex       ####......   16%         4
 Iskenderun's Mystic Bla  Conj/Tloc      #.......     63%         4


Dungeon Overview and Level Annotations

Branches:
Dungeon (8/15)             Temple (1/1) D:4            Lair (0/6) D:8
Ossuary (visited)

Altars:
Ashenzari
Cheibriados
Dithmenos
Fedhas
Gozag
Kikubaaqudgha
Makhleb
Nemelex Xobeh
Okawaru
Qazlal
Ru
Sif Muna
Trog
Uskayaw
Vehumet
Wu Jian
Xom
Yredelemnul
Zin
The Shining One

Annotations:
D:6 exclusion: downstairs


Innate Abilities, Weirdness & Mutations

You do not regenerate when monsters are visible.
You are frail without blood (-20% HP).
You can heal yourself when you bite living creatures.
You are immune to poison.
You have razor-sharp teeth.
You have supernaturally acute eyesight. (SInv)
You can survive without breathing.


Message History

You now have 586 gold pieces (gained 8).
I - an orange potion
d - 5 scrolls of fear {!r} (gained 1)
You now have 592 gold pieces (gained 6).
e - 351 stones (gained 22)
m - 2 scrolls of identify {@r1} (gained 1)
A worker ant comes into view.
The helpless worker ant fails to defend itself.
You spit the worker ant like a pig!!!
You kill the worker ant!
Dithmenos accepts your kill.
Your Short Blades skill increases to level 6!
You see here a worker ant corpse.
Found a stone staircase leading down.
e - 363 stones (gained 12)
J - a pair of gloves
Found 5 boomerangs.
o - 5 ruby potions (gained 2)
You now have 614 gold pieces (gained 22).
Done exploring.
Done exploring.
Done exploring.
(D) Dungeon (T) Temple
Where to? (Enter - D:7, ? - help)
There is a stone staircase leading down here.
You climb downwards.
There is a stone staircase leading up here.
Found a thick robe.
A quokka comes into view.
You see here a thick robe.
You start removing your armour.
You continue taking off your +0 robe. x4
You finish taking off your +0 robe.
You start putting on your armour.
You continue putting on your thick robe. x5
You finish putting on the +1 robe "Tehapnog" {rF+ Str+4}.
You feel stronger.
A quokka is nearby!
A bullfrog comes into view.
The helpless quokka fails to defend itself.
You bite the quokka, and draw its blood!
You stick the quokka like a pincushion!!!
You kill the quokka!
Dithmenos accepts your kill.
The helpless bullfrog fails to defend itself.
You bite the bullfrog, and draw its blood!
You perforate the bullfrog like a sieve!!!
You kill the bullfrog!
Dithmenos accepts your kill.
You see here a bullfrog corpse.
A death yak comes into view.
A death yak is nearby!
No target in view! 2 yaks and a hippogriff come into view.
Found 20 gold pieces. 2 yaks and a bullfrog come into view.
Found a staircase to the Lair.
The death yak bellows!
The yak bellows!
The bullfrog gives a loud, deep croak!
The yak bellows!
You hear a bellow!
A death yak comes into view.
The yak bellows!
The hippogriff screeches!
You hear a bellow!
Casting: Confusing Touch (safe; 1% risk of failure)
Confirm with . or Enter, or press ? or * to list all spells.
Your hands begin to glow red.
Casting: Confusing Touch (safe; 1% risk of failure)
Confirm with . or Enter, or press ? or * to list all spells.
Aiming: Ensorcelled Hibernation (safe; 2% risk of failure)
Press: ? - help, Shift-Dir - straight line, f - death yak
Aim: a death yak (chance to confuse on hit: 10%, umbra, chance to defeat MR: 3%)
The death yak resists with almost no effort.
Casting: Ensorcelled Hibernation (safe; 2% risk of failure)
Confirm with . or Enter, or press ? or * to list all spells.
Aiming: Ensorcelled Hibernation (safe; 2% risk of failure)
Press: ? - help, Shift-Dir - straight line, f/p - death yak
Aim: a death yak (chance to confuse on hit: 10%, umbra, chance to defeat MR: 3%)
The death yak resists with almost no effort.
You hit the death yak but do no damage.
You bite the death yak, but do no damage.
The death yak barely misses you.
You hit the death yak but do no damage. You hit the death yak but do no damage.
Your bite misses the death yak. The death yak barely misses you.
A death yak comes into view.
The death yak bellows!
You hit the death yak but do no damage. The death yak barely misses you.
You hit the death yak but do no damage.
H - a +0 rapier (weapon)
The death yak gores you!!
You hit the death yak but do no damage.
The yak snorts and paws the ground.
The death yak closely misses you.
You hit the death yak but do no damage. The death yak gores you!!
* * * LOW HITPOINT WARNING * * *
Your hands stop glowing.
You see here a bullfrog corpse.
There is a stone staircase leading up here.
You climb upwards.
There is a stone staircase leading down here.
The death yak gores you!
You die...

...................#
...................#
...................#
..............(....#
...................#
...................#
...................#
...................#
................@..#
...............)Y..#
...................#
...................#
...................#
...................#
...................#
...................#
...................#


You could see a death yak.

Vanquished Creatures
  Sigmund (D:3)
  A water moccasin (D:5)
  An orc warrior (D:6)
  An ice beast (D:5)
  3 phantoms
  A black bear (D:7)
  A centaur (D:7)
  3 ogres
  An elf zombie (Ossuary)
  A big kobold (D:7)
  2 bullfrogs
  3 centaur zombies (Ossuary)
  4 hounds
  An orc priest (D:5)
  A bullfrog skeleton (D:4)
  Jessica (D:3)
  2 iguanas
  7 orc wizards
  11 worker ants
  A big kobold zombie (Ossuary)
  2 ogre zombies (Ossuary)
  7 mummies (Ossuary)
  6 adders
  A shadow imp (D:5)
  2 ufetubi
  3 adder zombies (Ossuary)
  4 worms
  4 dart slugs
  2 leopard geckos
  20 orcs
  A ball python (D:3)
  7 bats
  4 giant cockroaches
  6 goblins
  10 hobgoblins
  3 quokkas
  3 frilled lizards
  A gnoll zombie (Ossuary)
  4 goblin zombies (Ossuary)
  4 hobgoblin zombies (Ossuary)
  14 kobolds
  5 kobold zombies (Ossuary)
  A leopard gecko skeleton (D:5)
  A leopard gecko zombie (D:6)
  An orc zombie (Ossuary)
  2 quokka zombies (Ossuary)
  5 rats
  3 rat zombies (Ossuary)
173 creatures vanquished.

Vanquished Creatures (others)
  7 plants (D:3)
7 creatures vanquished.

Grand Total: 180 creatures vanquished

Notes
Turn   | Place    | Note
-------+----------+-------------------------------------------
     0 | D:1      | Ozzies the Vampire Enchanter began the quest for the Orb.
     0 | D:1      | Reached XP level 1. HP: 13/13 MP: 3/3
   408 | D:1      | Reached XP level 2. HP: 15/15 MP: 5/5
   418 | D:1      | Learned a level 2 spell: Ensorcelled Hibernation
   721 | D:1      | Reached skill level 5 in Stealth
  1431 | D:1      | Reached XP level 3. HP: 19/19 MP: 6/6
  1793 | D:2      | Found a stormy altar of Qazlal.
  1864 | D:2      | Found a sparkling altar of Nemelex Xobeh.
  2503 | D:3      | Noticed Sigmund
  2703 | D:3      | Killed Sigmund
  2703 | D:3      | Reached skill level 7 in Stealth
  2703 | D:3      | Reached skill level 5 in Hexes
  2703 | D:3      | Reached XP level 4. HP: 24/24 MP: 3/8
  2703 | D:3      | Reached XP level 5. HP: 28/28 MP: 3/9
  2924 | D:3      | Noticed an ogre
  2930 | D:3      | HP: 1/28 [ogre/+0 giant spiked club (27)]
  2932 | D:3      | Killed an ogre
  2932 | D:3      | Reached XP level 6. HP: 7/32 MP: 5/10
  3142 | D:3      | Found an iron altar of Okawaru.
  3153 | D:3      | Noticed Jessica
  3187 | D:3      | Killed Jessica
  3291 | D:3      | Found a bloodstained altar of Trog.
  3571 | D:4      | Found a staircase to the Ecumenical Temple.
  3580 | Temple   | Entered the Ecumenical Temple
  3757 | Temple   | Became a worshipper of Dithmenos the Shadowed
  3949 | D:4      | Found a hide-covered altar of Uskayaw.
  3953 | D:4      | Reached XP level 7. HP: 36/36 MP: 12/12
  3976 | D:4      | Noticed a +0 dagger
  3978 | D:4      | Noticed a +0 hand axe
  4149 | D:4      | Found a blossoming altar of Fedhas.
  4174 | D:4      | Reached skill level 8 in Stealth
  4508 | D:4      | Noticed an angel
  4646 | D:4      | Noticed a rust devil
  4874 | D:5      | Entered Level 5 of the Dungeon
  5063 | D:5      | Found a sand-covered staircase.
  5067 | Ossuary  | Entered an ossuary
  5300 | Ossuary  | Learned a level 3 spell: Confusing Touch
  5505 | Ossuary  | Reached skill level 9 in Stealth
  5535 | Ossuary  | Reached * piety under Dithmenos
  5535 | Ossuary  | Reached skill level 5 in Short Blades
  5535 | Ossuary  | Reached XP level 8. HP: 41/41 MP: 14/14
  6094 | Ossuary  | Reached skill level 5 in Spellcasting
  6225 | D:5      | Reached skill level 10 in Stealth
  6277 | D:5      | Reached skill level 1 in Fighting
  6315 | D:5      | Reached ** piety under Dithmenos
  6844 | D:5      | Found a shimmering altar of Xom.
  6846 | D:5      | Found a hide-covered altar of Uskayaw.
  6846 | D:5      | Found an ancient bone altar of Kikubaaqudgha.
  6848 | D:5      | Found an opulent altar of Gozag.
  6848 | D:5      | Found a basalt altar of Yredelemnul.
  6848 | D:5      | Found a hide-covered altar of Uskayaw.
  7562 | D:6      | Found a shimmering blue altar of Sif Muna.
  7753 | D:6      | Found an ancient bone altar of Kikubaaqudgha.
  7990 | D:7      | Reached XP level 9. HP: 25/49 MP: 1/17
  8778 | D:7      | Found an opulent altar of Gozag.
  8974 | D:8      | Got a thick robe
  8984 | D:8      | Identified the +1 robe "Tehapnog" {rF+ Str+4} (You found it
                  | on level 8 of the Dungeon)
  9016 | D:8      | Noticed a death yak
  9022 | D:8      | Found a staircase to the Lair.
  9023 | D:8      | Noticed a death yak
  9038 | D:8      | Noticed a death yak
  9062 | D:7      | Slain by a death yak

Illustrated notes

Levels and vault maps discovered:
D:1:      dpeg_arrival_morbid_curiosity, layout_basic,
          chequers_serial_rivers_micro_d
D:2:      layout_basic, nicolae_qazlal_general_emergency,
          nemelex_xobeh_ov_fountains_minmay
D:3:      layout_basic, lemuel_round_altar, bloody_trog,
          chequers_serial_rivers_small_b, serial_park_tiny_1,
          serial_bayou_pond_c, uniq_sigmund, uniq_jessica
D:4:      layout_cave_pods, lemuel_round_altar, dancing_weapons_uskayaw,
          temple_garden
D:5:      layout_rooms, doesnt_xom_only_xom, cheibrodos_sewer_entry_bend,
          lightli_ossuary_entry_decrepit_ruins
D:6:      layout_basic, kennysheep_mini_moat, led_sif_pool,
          chequers_serial_rivers_small_a
D:7:      layout_basic, lemuel_crystal_altar
D:8:      layout_basic, kennysheep_ying_yang, kennysheep_mini,
          lemuel_doored_altar, dpeg_lair_monsters, uniq_joseph
Temple:   compressed_dpeg_triangle_lava_temple

Skill      XL: |  1  2  3  4  5  6  7  8  9 |
---------------+----------------------------+-----
Stealth        | 5 7 9 10 | 10.8
Short Blades   | 3 5 6 |  6.0
Dodging        | 3 4 |  4.3
Spellcasting   | 3 4 5 |  5.7
Hexes          | 5 6 7 8 |  8.3
Fighting       | 2 3 |  3.5

Action                   |  1- 3 |  4- 6 |  7- 9 || total
-------------------------+-------+-------+-------++-------
Melee: Dagger            |    80 |    23 |   317 ||   420
       Bite              |     5 |     2 |    27 ||    34
       Rapier            |       |       |     2 ||     2
Throw: Stone             |     2 |       |       ||     2
 Cast: Corona            |     7 |     3 |    15 ||    25
       Ensorcelled Hiber |    22 |    17 |    40 ||    79
       Confusing Touch   |       |       |    20 ||    20
 Abil: Exsanguinate      |     1 |       |       ||     1
  Use: Scroll            |       |       |    11 ||    11
 Stab: Sleeping          |    32 |    15 |    81 ||   128
       Distracted        |     1 |       |     1 ||     2
       Confused          |       |       |    15 ||    15
Armor: Robe              |    13 |     3 |    21 ||    37
Dodge: Dodged            |    80 |    14 |   149 ||   243

Table legend: (Time is in decaauts)
 A = Elapsed time spent in this place.
 B = Non-inter-level travel time spent in this place.
 C = Inter-level travel time spent in this place.
 D = Time resting spent in this place.
 E = Time spent auto-exploring this place.
 F = Levels seen in this place.
 G = Mean time per level.
                   A        B        C        D        E       F      G
               +--------+--------+--------+--------+--------+-----+--------+
         Total |   8973 |   8525 |    448 |    851 |   5917 |  10 |  897.3 |
       Dungeon |   7626 |   7198 |    428 |    751 |   5049 |   8 |  953.2 |
        Temple |    242 |    222 |     20 |      0 |    221 |   1 |  242.0 |
       Ossuary |   1103 |   1103 |      0 |    100 |    647 |   1 | 1103.0 |
               +--------+--------+--------+--------+--------+-----+--------+

Top non-repeatable levels by time:
     D:1: 1774 daAuts
     D:6: 1112 daAuts
     D:4: 1111 daAuts
 Ossuary: 1103 daAuts
     D:3: 1080 daAuts
     D:5: 922 daAuts
     D:7: 797 daAuts
     D:2: 733 daAuts
  Temple: 242 daAuts
     D:8: 95 daAuts
